 Dungeon Crawl Stone Soup version 0.29.1-1-gd02db6906a (webtiles) character file.

Game seed: 10495061109579456870

2030 xian the Twirler (level 9, -7/74 HPs)
             Began as a Black Draconian Abyssal Knight on Sept 20, 2022.
             Was a Priest of Lugonu.
             Mangled by Duvessa
             ... wielding a +2 short sword of speed
              (11 damage)
             ... on level 6 of the Dungeon.
             The game lasted 00:12:35 (5770 turns).

xian the Twirler (Black Draconian Abyssal Knight)   Turns: 5770, Time: 00:12:35

Health: -7/74      AC:  9    Str: 21    XL:     9   Next: 3%
Magic:  13/13      EV: 13    Int: 10    God:    Lugonu [***...]
Gold:   327        SH:  0    Dex: 11    Spells: 8/8 levels left

rFire   . . .      SeeInvis .   f - +4 quarterstaff (chaos)
rCold   . . .      Faith    .   (shield currently unavailable)
rNeg    . . .      Spirit   .   (body armour unavailable)
rPois   .          Reflect  .   (helmet restricted)
rElec   +          Harm     .   h - +1 cloak
rCorr   .          Rampage  .   (no gloves)
Will    .....                   (no boots)
Stlth   ++........              (no amulet)
HPRegen 0.22/turn               t - ring of wizardry
MPRegen 0.13/turn               (no ring)

@: no status effects
A: breathe lightning, AC +7, unfitting armour, electricity resistance,
cold-blooded
a: Breathe Lightning, Renounce Religion, Depart the Abyss, Bend Space, Banish


You were on level 6 of the Dungeon.
You worshipped Lugonu.
Lugonu was most pleased with you.
You visited 1 branch of the dungeon, and saw 6 of its levels.
You visited the Abyss 1 time.

You collected 327 gold pieces.

Inventory:

Hand Weapons
 a - a +1 hand axe
 f - a +4 quarterstaff of chaos (weapon)
Missiles
 c - 2 throwing nets
 q - 10 poisoned darts (quivered)
Armour
 h - a +1 cloak (worn)
 v - an orb of mayhem
Magical Staves
 k - a staff of conjuration
Jewellery
 t - a ring of wizardry (left hand)
Wands
 g - a wand of iceblast (3)
 o - a wand of flame (15)
Scrolls
 b - 3 scrolls of magic mapping
 d - 2 scrolls of poison {unknown}
 e - a scroll of torment {unknown}
 i - 2 scrolls of fear
 j - 4 scrolls of vulnerability {unknown}
 n - 2 scrolls of teleportation {unknown}
 s - a scroll of enchant armour
Potions
 l - a potion of cancellation
 m - a potion of magic {unknown}
 p - a potion of ambrosia {unknown}
 r - 2 potions of curing {unknown}
 u - a potion of attraction {unknown}


   Skills:
 + Level 5.4 Fighting
 + Level 3.6 Axes
 + Level 6.6 Staves
 + Level 5.0 Dodging
 + Level 4.0 Stealth
 * Level 5.6 Invocations
 + Level 0.2 Evocations


You had 8 spell levels left.
You didn't know any spells.
Your spell library contained the following spells:

 Spells                   Type           Power      Damage    Failure   Level
 Magic Dart               Conj           0%         1d3       16%         1
 Call Imp                 Summ           0%         N/A       22%         2
 Mephitic Cloud           Conj/Pois/Air  0%         N/A       41%         3
 Olgreb's Toxic Radiance  Pois           0%         N/A       80%         4
 Ozocubu's Refrigeration  Ice            0%         4d7       100%        7
 Ignition                 Fire           0%         3d3       100%        8


Dungeon Overview and Level Annotations

Branches:
Dungeon (6/15)             Temple (0/1) D:5

Altars:
Dithmenos
Gozag
Okawaru
Ru
Trog
Yredelemnul
The Shining One

Shops:
D:5 *

Annotations:
D:6 Dowan, Duvessa
Abyss:1 Eustachio, Pikel


Innate Abilities, Weirdness & Mutations

You can breathe wild blasts of lightning.
Your glossy black scales are hard. (AC +7)
You cannot fit into any form of body armour.
You are resistant to electric shocks. (rElec)
You are cold-blooded and may be slowed by cold attacks.


Message History

Duvessa seems to speed up.
Duvessa hits you with a +2 short sword of speed.
Dowan gestures wildly while chanting.
Dowan blinks!
Duvessa closely misses you.
Okay, then.
You closely miss Duvessa. Duvessa barely misses you. x2
You hit Duvessa. You burn Duvessa.
Duvessa is lightly wounded.
Duvessa barely misses you.
Duvessa hits you with a +2 short sword of speed.
You hit Duvessa.
Duvessa seems to grow stronger.
Duvessa is lightly wounded.
Duvessa hits you with a +2 short sword of speed.
Duvessa hits you with a +2 short sword of speed!
You hit Duvessa.
Nothing appears to happen.
Duvessa is lightly wounded.
Duvessa gestures with her weapon.
Duvessa hits you with a +2 short sword of speed. x2
You closely miss Duvessa.
You tail-slap Duvessa, but do no damage.
Duvessa is lightly wounded.
Duvessa hits you with a +2 short sword of speed!
Duvessa barely misses you.
Dowan gestures wildly while chanting.
Dowan blinks!
You hit Duvessa but do no damage.
Duvessa flickers and vanishes!
Deactivating autopickup; reactivate with Ctrl-A.
Something hits you! x2
* * * LOW HITPOINT WARNING * * *
Unknown command.
Okay, then.
As you read the scroll labelled NUOFAG MEHES, it crumbles to dust.
You feel aware of your surroundings.
It was a scroll of magic mapping.
Something barely misses you. Something hits you.
* * * LOW HITPOINT WARNING * * *
Dowan gestures at you while chanting. The puff of frost hits you!
* * * LOW HITPOINT WARNING * * *
Something hits you!
You die...

**,*,,,***,,,,,,* #
*,**,***#,*#.***
##*,,,,,,,,.##.**##
.#*,**,,,**#...,,.#
.#*,**+,,###.#.##.#
[#,,,,,,,.........###
##,~~~~~,≈≈≈≈≈≈≈....#
#*,~,,,,,≈.....≈{.#.#
##.≈.≈≈≈≈≈.≈≈≈.≈@...#
.+.≈.≈...≈.≈_≈.≈....#
##.≈.≈.≈.≈.≈e≈.≈..#.#
#.≈.≈_≈.≈...≈.≈..#,#
#.≈.≈≈≈.≈≈≈≈≈.≈..#,*
#.≈.....≈.....≈.##,*
#.≈≈≈≈≈≈≈[≈≈≈≈≈.#*,*
#...............#*,*
###.#.####.######*,*


You could see Dowan.

Vanquished Creatures
  Sigmund (D:5)
  Edmund (D:6)
  An ice beast (D:6)
  A black bear (D:6)
  An ogre (D:6)
  A lemure (D:4)
  2 centaurs
  A phantom (D:4)
  3 scorpions
  3 jellies
  Crazy Yiuf (D:2)
  2 hounds (D:5)
  Ijyb (D:4)
  5 iguanas
  Natasha (D:4)
  5 gnolls
  6 adders
  2 worms (D:3)
  3 dart slugs
  An orc (D:5)
  10 ball pythons
  2 bats
  2 endoplasms
  2 giant cockroaches
  7 goblins
  10 hobgoblins
  4 jackals (D:4)
  8 kobolds
  3 quokkas (D:1)
  6 frilled lizards
  2 rats (D:3)
98 creatures vanquished.

Notes
Turn   | Place    | Note
-------+----------+-------------------------------------------
     0 | Abyss:1  | xian the Draconian Abyssal Knight began the quest for the
                  | Orb.
     0 | Abyss:1  | Reached XP level 1. HP: 19/19 MP: 2/2
     1 | D:1      | Escaped the Abyss
   326 | D:1      | Reached XP level 2. HP: 24/27 MP: 3/3
   832 | D:2      | Reached XP level 3. HP: 29/33 MP: 4/4
  1244 | D:2      | Reached *** piety under Lugonu
  1276 | D:2      | Found a faded altar of an unknown god.
  1534 | D:2      | Found a runed translucent door.
  1535 | D:2      | Noticed Crazy Yiuf
  1542 | D:2      | Killed Crazy Yiuf
  1543 | D:2      | Reached XP level 4. HP: 40/40 MP: 5/5
  2031 | D:3      | Found a shadowy altar of Dithmenos.
  2272 | D:3      | Reached skill level 1 in Staves
  2574 | D:3      | Found a basalt altar of Yredelemnul.
  2576 | D:3      | Noticed a profane servitor
  2581 | D:3      | Found a glowing golden altar of the Shining One.
  2583 | D:3      | Noticed an angel
  2918 | D:4      | Noticed a scorpion
  2923 | D:4      | Killed a scorpion
  2924 | D:4      | Reached skill level 2 in Staves
  2924 | D:4      | Reached XP level 5. HP: 46/46 MP: 6/6
  3256 | D:4      | Noticed a phantom
  3263 | D:4      | Killed a phantom
  3264 | D:4      | Reached skill level 1 in Stealth
  3264 | D:4      | Reached XP level 6. HP: 53/53 MP: 8/8
  3269 | D:4      | Noticed Ijyb
  3274 | D:4      | Killed Ijyb
  3275 | D:4      | Reached skill level 3 in Staves
  3399 | D:4      | Noticed Natasha
  3402 | D:4      | Killed Natasha
  3425 | D:4      | Found a bloodstained altar of Trog.
  3425 | D:4      | Found an iron altar of Okawaru.
  3572 | D:4      | Noticed Eustachio
  3592 | D:4      | Banished Eustachio
  3593 | D:4      | Your scales start taking on a glossy black colour.
  3593 | D:4      | Reached XP level 7. HP: 10/60 MP: 4/9
  3593 | D:4      | Gained mutation: You are resistant to electric shocks.
                  | (rElec) [Black Draconian growth]
  3895 | D:4      | Noticed Pikel
  3904 | D:4      | Banished Pikel
  3905 | D:4      | Reached skill level 4 in Staves
  3905 | D:4      | Reached XP level 8. HP: 25/67 MP: 5/11
  4406 | D:5      | Entered Level 5 of the Dungeon
  4445 | D:5      | Noticed Sigmund
  4453 | D:5      | Killed Sigmund
  4454 | D:5      | Reached skill level 5 in Staves
  4551 | D:5      | Found Geck's Gadget Gallery.
  4671 | D:5      | Found a staircase to the Ecumenical Temple.
  5018 | D:6      | Reached skill level 5 in Invocations
  5134 | D:6      | Reached skill level 5 in Fighting
  5253 | D:6      | Reached skill level 6 in Staves
  5399 | D:6      | Noticed Edmund
  5410 | D:6      | Killed Edmund
  5411 | D:6      | Reached skill level 5 in Dodging
  5530 | D:6      | Reached XP level 9. HP: 66/74 MP: 13/13
  5727 | D:6      | Found a sacrificial altar of Ru.
  5730 | D:6      | Found an opulent altar of Gozag.
  5759 | D:6      | Noticed Duvessa
  5759 | D:6      | Noticed Dowan
  5770 | D:6      | Mangled by Duvessa

Illustrated notes

Levels and vault maps discovered:
D:1:      dpeg_arrival_castle, layout_rooms
D:2:      layout_basic, shapermc_ecumenical_altar_starsandcircs,
          uniq_crazy_yiuf_cottage
D:3:      layout_basic, grunt_temple_overflow_holy_war, lemuel_round_altar,
          mrwooster_statue_mirror
D:4:      layout_loops_ring, grunt_temple_overflow_bloody_war, st_stairs_14,
          grunt_ministairs_7, uniq_ijyb, uniq_natasha, uniq_eustachio,
          uniq_pikel
D:5:      layout_gridville, minmay_temple_entry_offerings, nicolae_shop_gadgets,
          uniq_sigmund
D:6:      layout_loops_corners, mainiacjoe_overflow_catwalk_spiral,
          uniq_duvessa, uniq_edmund

Skill      XL: |  1  2  3  4  5  6  7  8 |
---------------+-------------------------+-----
Axes           | 3 |  3.6
Fighting       | 4 5 |  5.4
Staves         | 2 3 4 6 |  6.6
Dodging        | 3 4 5 |  5.0
Stealth        | 1 2 3 4 |  4.0
Invocations    | 3 4 5 |  5.6
Evocations     | |  0.2

Action                   |  1- 3 |  4- 6 |  7- 9 || total
-------------------------+-------+-------+-------++-------
Melee: Hand axe          |    91 |       |       ||    91
       Tailslap          |     9 |     7 |    10 ||    26
       Quarterstaff      |       |   120 |    85 ||   205
Throw: Dart              |       |       |     1 ||     1
Invok: Banish            |       |     1 |     1 ||     2
 Abil: Breathe Lightning |       |       |     2 ||     2
Evoke: Wand              |       |     2 |       ||     2
  Use: Potion            |     1 |       |       ||     1
       Scroll            |       |     2 |     3 ||     5
 Stab: Petrified         |       |     3 |       ||     3
       Petrifying        |       |     1 |       ||     1
       Sleeping          |       |     1 |     5 ||     6
Armor: Skin              |    26 |    69 |    27 ||   122
Dodge: Dodged            |    56 |   101 |    57 ||   214
